 Dungeon Crawl Stone Soup version 0.22-a0-63-geddfa9b (webtiles) character file.

3514 soahar the Cleaver (level 10, -11/88 HPs)
             Began as a Hill Orc Monk on Jan 11, 2018.
             Was an Elder of Beogh.
             Mangled by a death yak (17 damage)
             ... on level 9 of the Dungeon.
             The game lasted 00:49:24 (7852 turns).

soahar the Cleaver (Hill Orc Monk)                  Turns: 7852, Time: 00:49:25

Health: -11/88     AC: 14    Str: 17    XL:     10   Next: 8%
Magic:  10/10      EV: 17    Int: 10    God:    Beogh [****..]
Gold:   477        SH:  0    Dex: 14    Spells: 9/9 levels left

rFire    . . .     SeeInvis .   I - +3 scimitar (flame)
rCold    . . .     Gourm    .   (no shield)
rNeg     . . .     Faith    .   e - +0 chain mail
rPois    .         Spirit   .   v - +2 hat
rElec    .         Reflect  .   (no cloak)
rCorr    +         Harm     .   n - +0 pair of gloves
MR       .....                  (no boots)
Stlth    ..........             C - amulet of magic regeneration
HPRegen  0.24/turn              D - ring of Phasing {EV+8}
MPRegen  0.37/turn              z - ring of resist corrosion

@: no status effects
A: no striking features
a: Smiting, Recall Orcish Followers, Renounce Religion


You were on level 9 of the Dungeon.
You worshipped Beogh.
Beogh was greatly pleased with you.
You were very hungry.

You visited 1 branch of the dungeon, and saw 9 of its levels.

You collected 477 gold pieces.

Inventory:

Hand Weapons
 a - a +0 hand axe
 o - a +0 hunting sling
 s - a +2 war axe of electrocution
 I - a +3 scimitar of flaming (weapon)
Missiles
 p - 176 stones (quivered)
Armour
 b - a +0 robe
 e - a +0 chain mail (worn)
 n - a +0 pair of gloves (worn)
 v - a +2 hat (worn)
Jewellery
 x - an uncursed ring of fire
 z - a ring of resist corrosion (right hand)
 C - an amulet of magic regeneration (around neck)
 D - the ring of Phasing (left hand) {EV+8}
   (You found it on level 7 of the Dungeon)

   [ring of evasion]

   It affects your evasion (+8).
 G - an uncursed amulet of faith
Wands
 J - a wand of flame (27)
Scrolls
 f - 3 scrolls of fear
 g - 3 scrolls of enchant armour
 i - a scroll of amnesia
 q - a scroll of remove curse
 r - 4 scrolls of teleportation
 u - 4 scrolls of blinking
 w - 2 scrolls of identify
 y - a scroll of enchant weapon {unknown}
 B - a scroll of magic mapping {unknown}
 M - 2 scrolls of vulnerability {unknown}
 N - a scroll of summoning {unknown}
Potions
 d - 2 potions of heal wounds {unknown}
 j - 2 potions of brilliance {unknown}
 k - a potion of might {unknown}
 l - 2 potions of haste {unknown}
 m - a potion of degeneration {unknown}
 t - 2 potions of berserk rage {unknown}
 A - a potion of cancellation {unknown}
 E - a potion of invisibility {unknown}
 F - a potion of agility {unknown}
 H - a potion of magic {unknown}
 K - a potion of mutation {unknown}
Books
 h - a book of Clouds

   Spells                             Type                      Level
   a - Poisonous Vapours              Poison/Air                   2
   b - Mephitic Cloud                 Conjuration/Poison/Air       3
   c - Conjure Flame                  Conjuration/Fire             3
   d - Freezing Cloud                 Conjuration/Ice/Air          6
   e - Ring of Flames                 Charms/Fire                  7
 L - a book of Maledictions

   Spells                             Type                      Level
   a - Corona                         Hexes                        1
   b - Ensorcelled Hibernation        Hexes/Ice                    2
   c - Confuse                        Hexes                        3
   d - Tukima's Dance                 Hexes                        3
   e - Dazzling Spray                 Conjuration/Hexes            3
Comestibles
 c - 20 rations


   Skills:
 + Level 8.2 Fighting
 + Level 1.7 Long Blades
 + Level 12.6 Axes
 + Level 7.4 Armour
 + Level 3.9 Dodging
 + Level 2.3 Stealth


You had 9 spell levels left.
You didn't know any spells.

Dungeon Overview and Level Annotations

Branches:
Dungeon (9/15)             Temple (0/1) D:4
   Lair: D:8-11         Orc: D:9-12

Altars:
Cheibriados
Qazlal


Message History

The yak snorts and paws the ground.
Things that are here:
a falchion; a scale mail; an orc corpse The death yak gores you!
* * * LOW HITPOINT WARNING * * *
You hit the death yak but do no damage. The death yak completely misses you.
The death yak barely misses you.
You riposte.
You completely miss the death yak. You slash the death yak!
You burn the death yak.
The death yak is lightly wounded.
You are feeling very hungry.
The death yak gores you but does no damage.
You slash the death yak! You burn the death yak.
The death yak is moderately wounded.
The death yak gores you!
* * * LOW HITPOINT WARNING * * *
You hit the death yak but do no damage.
The death yak is moderately wounded.
The death yak gores you!
You die...

#...# ..........#
#...# ..........#
#Y..# #...........#
#s..# #...........#
#Y..# ............#
#...# ............#
#...#
#..........#####Y..#
#...........@YYYYY.#
#..........#####Y).#
#.....[....# #...#
#..> #..######..#
#...# #... . #..#
#...# #..# #..#
#...# #..# #..#
#...# #..# #.<#
#..[# #..# #..#
#...###..#


You could see 3 death yaks and 4 yaks.

Vanquished Creatures
  Erica (D:8)
  A hippogriff (D:7)
  Menkaure (D:7)
  A water moccasin (D:9)
  An orc warrior (D:7)
  2 sky beasts (D:6)
  An ice beast (D:6)
  4 ogres
  3 centaurs
  5 killer bees (D:7)
  2 howler monkeys
  3 crimson imps
  2 hounds
  5 orc priests
  2 centaur skeletons
  2 bullfrog skeletons (D:4)
  An iguana (D:6)
  4 orc wizards
  2 worker ants
  2 hound zombies
  A hound skeleton (D:4)
  A worker ant zombie (D:5)
  4 gnolls (D:5)
  7 adders
  A shadow imp (D:8)
  An adder zombie (D:6)
  2 worms
  3 adder skeletons
  4 dart slugs
  5 leopard geckos
  5 orcs
  A ball python (D:1)
  4 giant cockroaches
  10 goblins
  5 hobgoblins
  13 jackals
  4 quokkas
  10 bats
  6 frilled lizards
  A jackal skeleton (D:4)
  A jackal zombie (D:7)
  10 kobolds
  A leopard gecko skeleton (D:5)
  8 rats
153 creatures vanquished.

Vanquished Creatures (collateral kills)
  A hippogriff (D:8)
  A black bear (D:9)
  An ogre (D:7)
  A killer bee (D:7)
  A howler monkey (D:8)
  2 crimson imps
  A centaur zombie (D:8)
  A bullfrog zombie (D:6)
  2 orc priests
  A hound (D:7)
  A shadow imp (D:8)
  3 orcs
  A jackal (D:8)
17 creatures vanquished.

Vanquished Creatures (others)
  6 orc warriors
  An orc wizard (D:7)
  9 orcs
16 creatures vanquished.

Grand Total: 186 creatures vanquished

Notes
Turn   | Place    | Note
-------+----------+-------------------------------------------
     0 | D:1      | soahar the Hill Orc Monk began the quest for the Orb.
     0 | D:1      | Reached XP level 1. HP: 19/19 MP: 1/1
   228 | D:1      | Reached XP level 2. HP: 26/27 MP: 2/2
   344 | D:1      | Reached skill level 1 in Armour
   706 | D:1      | Reached XP level 3. HP: 33/33 MP: 3/3
   822 | D:2      | Found a faded altar of an unknown god.
  1810 | D:2      | Reached XP level 4. HP: 40/40 MP: 4/4
  1888 | D:2      | Found a snail-covered altar of Cheibriados.
  2453 | D:3      | Noticed a water elemental
  2455 | D:3      | Found a stormy altar of Qazlal.
  2457 | D:3      | Noticed an earth elemental
  2463 | D:3      | Noticed an air elemental
  2463 | D:3      | Noticed a fire elemental
  2604 | D:3      | Reached skill level 5 in Axes
  3022 | D:3      | Became a worshipper of Beogh the Brigand
  3022 | D:3      | Reached * piety under Beogh
  3022 | D:3      | Reached ** piety under Beogh
  3424 | D:4      | Reached XP level 5. HP: 42/46 MP: 5/5
  3472 | D:4      | Found a staircase to the Ecumenical Temple.
  3568 | D:4      | Reached skill level 6 in Axes
  3710 | D:4      | Reached XP level 6. HP: 40/53 MP: 6/6
  3873 | D:4      | Reached skill level 5 in Fighting
  4092 | D:5      | Entered Level 5 of the Dungeon
  4106 | D:5      | Reached XP level 7. HP: 61/61 MP: 7/7
  4130 | D:5      | Reached skill level 7 in Axes
  4898 | D:6      | Reached *** piety under Beogh
  4898 | D:6      | Reached skill level 8 in Axes
  5176 | D:6      | Reached XP level 8. HP: 61/69 MP: 8/8
  5252 | D:6      | Reached skill level 9 in Axes
  5404 | D:6      | Reached skill level 5 in Armour
  5742 | D:6      | Reached skill level 10 in Axes
  5959 | D:7      | Noticed Menkaure
  5970 | D:7      | Killed Menkaure
  6066 | D:7      | Noticed a hippogriff
  6075 | D:7      | Killed a hippogriff
  6075 | D:7      | Reached skill level 11 in Axes
  6075 | D:7      | Reached XP level 9. HP: 54/78 MP: 9/9
  6196 | D:7      | Gained Ognian as an ally
  6210 | D:7      | Found the ring of Phasing {EV+8}
  6529 | D:7      | Your ally Ognian died
  6623 | D:7      | Reached **** piety under Beogh
  6976 | D:8      | Noticed Erica
  6986 | D:8      | Killed Erica
  6986 | D:8      | Reached skill level 12 in Axes
  7356 | D:8      | Reached skill level 1 in Long Blades
  7356 | D:8      | Reached XP level 10. HP: 71/88 MP: 10/10
  7623 | D:9      | Noticed a death yak
  7624 | D:9      | Noticed a death yak
  7788 | D:9      | Noticed a death yak
  7852 | D:9      | Mangled by a death yak

Vault maps used:
D:1:      elethiomel_arrival_maze, serial_corexii_hall, corexii_hall_statues_s,
          corexii_hall_statues_i, corexii_hall_statues_i, corexii_hall_statues_i
D:2:      kennysheep_slug_shrine, chequers_ecumenical_altar_island,
          kennysheep_generic_room_9
D:3:      glass_columns_b, nicolae_qazlal_style_of_elements
D:4:      minmay_temple_entry_overgrown, first_ration
D:7:      grunt_ogre_cave, uniq_menkaure
D:8:      uniq_erica
D:9:      dpeg_lair_monsters, okawaru_humans

Skill      XL: |  1  2  3  4  5  6  7  8  9 10 |
---------------+-------------------------------+-----
Armour         | 1 2 3 4 5 7 |  7.4
Fighting       | 4 5 6 7 8 |  8.2
Axes           | 5 6 8 11 12 | 12.6
Dodging        | 3 |  3.9
Stealth        | 2 |  2.3
Long Blades    | 1 |  1.7

Action                   |  1- 3 |  4- 6 |  7- 9 | 10-12 || total
-------------------------+-------+-------+-------+-------++-------
Melee: Hand axe          |   135 |    28 |       |       ||   163
       War axe           |       |   111 |   198 |       ||   309
       Scimitar          |       |       |    19 |    21 ||    40
Invok: Convert to Beogh  |       |     1 |       |       ||     1
       Recall Orcish Fol |       |       |       |     2 ||     2
  Use: Scroll            |     3 |     6 |     4 |       ||    13
       Potion            |       |       |     2 |       ||     2
 Stab: Sleeping          |     1 |       |       |       ||     1
       Distracted        |       |       |     2 |       ||     2
  Eat: Chunk             |     3 |     6 |     8 |     1 ||    18
       Ration            |       |     1 |       |       ||     1
Armor: Chain mail        |    52 |    53 |   138 |    13 ||   256
       Leather armour    |    40 |    14 |       |       ||    54
Dodge: Dodged            |   122 |    72 |   117 |    25 ||   336
       Rpst.: Scimitar   |       |       |     3 |     9 ||    12

Table legend:
 A = Spawn XP
 B = Non-spawn XP
 C = Spawn XP percentage of total XP
 D = Spawn monster count
 E = Non-spawn monster count
 F = Spawn count percentage of total count
 G = Total turns spent on level
                    A         B        C        D         E        F      G
               +---------+---------+-------+---------+---------+-------+---------
         Total |       0 |    5021 |   0.0 |       0 |     170 |   0.0 |  7852
               +---------+---------+-------+---------+---------+-------+---------
           D:1 |       0 |      40 |   0.0 |       0 |      23 |   0.0 |   789
           D:2 |       0 |      57 |   0.0 |       0 |      22 |   0.0 |  1542
           D:3 |       0 |      57 |   0.0 |       0 |      26 |   0.0 |  1075
           D:4 |       0 |     416 |   0.0 |       0 |      19 |   0.0 |   686
           D:5 |       0 |     327 |   0.0 |       0 |      18 |   0.0 |   774
           D:6 |       0 |     935 |   0.0 |       0 |      19 |   0.0 |  1075
           D:7 |       0 |    1507 |   0.0 |       0 |      22 |   0.0 |   782
           D:8 |       0 |    1311 |   0.0 |       0 |      14 |   0.0 |   934
           D:9 |       0 |     371 |   0.0 |       0 |       7 |   0.0 |   195
               +---------+---------+-------+---------+---------+-------+---------
